 Dungeon Crawl Stone Soup version 0.31-a0-7-g51783674b7 (webtiles) character file.

Game seed: 18073066870549488807

49 Inkenn the Purveyor of Pain (level 3, -2/26 HPs)
             Began as a Demonspawn Necromancer on May 5, 2023.
             Was an Initiate of Kikubaaqudgha.
             Succumbed to a kobold's poison
             ... on level 3 of the Dungeon.
             The game lasted 00:13:40 (1976 turns).

Inkenn the Purveyor of Pain (DsNe)                  Turns: 1976, Time: 00:13:41

Health: -2/26      AC:  8    Str:  8    XL:     3   Next: 51%
Magic:  6/6        EV:  6    Int: 18    God:    Kikubaaqudgha [......]
Gold:   83         SH:  0    Dex: 13    Spells: 5/6 levels left

rFire   . . .        d - +0 dagger
rCold   . . .        (no shield)
rNeg    + . .        x - +0 chain mail
rPois   .            (no helmet)
rElec   .            (no cloak)
rCorr   .            (no gloves)
SInv    .            (no boots)
Will    .....        (no amulet) Stlth
                     u - ring of positive energy
HPRegen 0.24/turn    (no ring)
MPRegen 0.10/turn

%: no passive effects
@: lethally poisoned (-2 -> -16)
A: hooves 1, repulsion field 1
a: Renounce Religion


You were on level 3 of the Dungeon.
You worshipped Kikubaaqudgha.
Kikubaaqudgha was noncommittal.
You visited 1 branch of the dungeon, and saw 3 of its levels.

You collected 83 gold pieces.

Inventory:

Hand Weapons
 c - a +0 sling
 d - a +0 dagger (weapon)
 f - a +0 sling
 g - a +0 club
 j - a +0 club
 k - a +0 dagger
 n - a +0 sling
 r - a +0 great mace
 w - a +0 short sword
Missiles
 l - a throwing net
 o - 20 stones
Armour
 a - a +0 robe
 e - a +0 leather armour
 x - a +0 chain mail (worn)
Jewellery
 u - a ring of positive energy (left hand)
Scrolls
 i - 2 scrolls of teleportation {unknown}
 m - 3 scrolls of identify {unknown}
 p - 2 scrolls of magic mapping {unknown}
 q - 3 scrolls of butterflies {unknown}
 s - 2 scrolls of amnesia {unknown}
Potions
 b - a potion of magic
 h - 3 potions of curing {unknown}
 t - a potion of flight {unknown}
 v - a potion of cancellation {unknown}
 z - a potion of might {unknown}


   Skills:
 + Level 1.2 Fighting
 + Level 1.0 Armour
 - Level 2.0 Dodging
 - Level 1.7 Stealth
 + Level 2.4 Spellcasting
 + Level 4.8 Necromancy


You had 5 spell levels left.
You knew the following spells:

 Your Spells              Type           Power      Damage    Failure   Level
a - Necrotise             Necr           76%        1d7       91%         1

Your spell library contained the following spells:

 Spells                   Type           Power      Damage    Failure   Level
 Vampiric Draining        Necr           19%        2d7       99%         3
 Summon Small Mammal      Summ           8%         N/A       100%        1
 Call Canine Familiar     Summ           2%         N/A       100%        3
 Summon Guardian Golem    Hex/Summ       2%         N/A       100%        3
 Animate Dead             Necr           19%        N/A       100%        4
 Agony                    Necr           19%        N/A       100%        5
 Conjure Ball Lightning   Conj/Air       1%         3x3d6     100%        6
 Discord                  Hex            1%         N/A       100%        8
 Disjunction              Tloc           1%         N/A       100%        8


Dungeon Overview and Level Annotations

Branches:
Dungeon (3/15)

Altars:
Kikubaaqudgha


Innate Abilities, Weirdness & Mutations

You have large cloven feet.
You are surrounded by a mild repulsion field. (EV +2)


Message History

The goblin shouts!
The orc attacks as you move away! The orc hits you but does no damage.
The orc attacks as you move away! The orc barely misses you.
A bat comes into view.
The goblin attacks as you move away! The goblin hits you with a +0 dagger.
* * * LOW HITPOINT WARNING * * *
The bat barely misses you. The bat closely misses you.
You hit the bat. Your kick misses the bat.
The bat is moderately wounded.
The bat barely misses you. The orc hits you but does no damage.
The goblin hits you but does no damage. The bat hits you but does no damage.
The bat hits you.
* * * LOW HITPOINT WARNING * * *
The orc closely misses you.
You miss the bat. You kick the bat.
You kill the bat!
Kikubaaqudgha accepts your kill. The orc hits you but does no damage.
The orc hits you with a +0 club.
* * * LOW HITPOINT WARNING * * *
The goblin hits you with a +0 dagger.
* * * LOW HITPOINT WARNING * * *
An orc breaks down the door.
The orc attacks as you move away! The orc barely misses you.
The orc completely misses you. The goblin barely misses you.
You see here a bat corpse.
The orc attacks as you move away! The orc barely misses you.
A kobold comes into view.
It is wielding a +0 short sword of electrocution and quivering poisoned darts.
The kobold shouts!
The orc hits you with a +0 flail.
* * * LOW HITPOINT WARNING * * *
The kobold throws a poisoned dart.
The poisoned dart hits you!
You are lethally poisoned!
* * * LOW HITPOINT WARNING * * *
You feel sick.
The kobold throws a poisoned dart.
The poisoned dart hits you!
You are more poisoned.
The orc hits you but does no damage. The orc attacks as you move away!
The orc hits you but does no damage.
You die...
Kikubaaqudgha rasps: "You have failed me!
Welcome... death!"

..# #.... .....~ ..+
...######.#..
..###.#......#.#.# .
..#...#......#'#.# ..
.##..###.........# ...
##.............og###K...
#..#######.....ooo......
##.# ..................
.oo# ####......@.......
#### #......#....... ..
#.............. ##
#......##...... #......#
...... #. #...... ......
#.#####...... ######
#..........## #########
#..........# #.......###


You could see 4 orcs, a goblin and a kobold.

Vanquished Creatures
  An adder (D:3)
  A dart slug (D:1)
  An orc (D:3)
  3 endoplasms
  4 giant cockroaches (D:1)
  3 goblins
  2 hobgoblins
  3 kobolds
  A quokka (D:1)
  A ball python (D:3)
  6 bats
  5 frilled lizards
  5 rats
36 creatures vanquished.

Notes
Turn   | Place    | Note
-------+----------+-------------------------------------------
     0 | D:1      | Inkenn the Demonspawn Necromancer began the quest for the
                  | Orb.
     0 | D:1      | Reached XP level 1. HP: 13/13 MP: 3/3
   431 | D:1      | Gained mutation: You have large cloven feet. [demonic
                  | ancestry]
   431 | D:1      | Reached XP level 2. HP: 19/19 MP: 5/5
  1304 | D:2      | Gained mutation: You are surrounded by a mild repulsion
                  | field. (EV +2) [demonic ancestry]
  1304 | D:2      | Reached XP level 3. HP: 23/25 MP: 6/6
  1499 | D:3      | Reached skill level 1 in Fighting
  1499 | D:3      | Reached skill level 1 in Armour
  1861 | D:3      | Found an ancient bone altar of Kikubaaqudgha.
  1902 | D:3      | Became a worshipper of Kikubaaqudgha
  1975 | D:3      | HP: 1/26 [poisoned by a kobold]
  1976 | D:3      | Succumbed to a kobold's poison

Illustrated notes

Levels and vault maps discovered:
D:1:      minmay_arrival_widening_spiral_narrow, layout_basic
D:2:      layout_rooms
D:3:      layout_basic, kiku_gazebo_pond_becter,
          hellmonk_ecumenical_altar_defaced_shrine,
          chequers_serial_rivers_micro_a, minmay_misc_feat_five, nrook_campfire

Skill      XL: |  1  2  3 |
---------------+----------+-----
Dodging        | 2 |  2.0
Fighting       | 1 |  1.2
Armour         | 1 |  1.0
Stealth        | |  1.7
Spellcasting   | |  2.4
Necromancy     | |  4.8

Action                     || total
---------------------------++-------
  Melee: Dagger            ||   160
         Kick              ||    37
         Punch             ||     1
   Stab: Sleeping          ||     1
 Armour: Leather armour    ||    67
         Chain mail        ||    11
  Dodge: Dodged            ||   153

Table legend: (Time is in decaauts)
 A = Elapsed time spent in this place.
 B = Non-inter-level travel time spent in this place.
 C = Inter-level travel time spent in this place.
 D = Time resting spent in this place.
 E = Time spent auto-exploring this place.
 F = Levels seen in this place.
 G = Mean time per level.
                   A        B        C        D        E       F      G
               +--------+--------+--------+--------+--------+-----+--------+
         Total |   1978 |   1978 |      0 |    158 |    774 |   3 |  659.3 |
       Dungeon |   1978 |   1978 |      0 |    158 |    774 |   3 |  659.3 |
               +--------+--------+--------+--------+--------+-----+--------+

Top non-repeatable levels by time:
     D:1: 1166 daAuts
     D:3: 522 daAuts
     D:2: 288 daAuts
